 Dungeon Crawl Stone Soup version 0.30-b1-2-g02819fbbbe (webtiles) character file.

Game seed: 8864068916569415793

6 sanka the Trooper (level 1, 0/24 HPs)
             Began as an Ogre Delver on May 10, 2023.
             Killed from afar by a white imp (10 damage)
             ... with a puff of frost
             ... on level 5 of the Dungeon.
             The game lasted 00:00:53 (234 turns).

sanka the Trooper (Ogre Delver)                      Turns: 234, Time: 00:00:53

Health: 0/24       AC:  3    Str: 15    XL:     1   Next: 90%
Magic:  1/1        EV:  9    Int: 11    God:
Gold:   13         SH:  0    Dex: 10    Spells: 0/0 levels left

rFire   . . .        a - +0 mace
rCold   . . .        (no shield)
rNeg    . . .        b - +0 robe
rPois   .            (helmet restricted)
rElec   .            (no cloak)
rCorr   .            (gloves unavailable)
SInv    .            (boots unavailable)
Will    .....        (no amulet)
Stlth   ++           (no ring)
HPRegen 0.24/turn    (no ring)
MPRegen 0.07/turn

%: no passive effects
@: hasted, very quick
A: large, unfitting armour, tough skin 1
a: no special abilities


You were on level 5 of the Dungeon.
You visited 1 branch of the dungeon, and saw 2 of its levels.

You collected 13 gold pieces.

Inventory:

Hand Weapons
 a - a +0 mace (weapon)
Armour
 b - a +0 robe (worn)
Wands
 g - a wand of digging (3)
Scrolls
 c - a scroll of fog
 d - a scroll of magic mapping
Potions
 h - a potion of curing {unknown}


   Skills:
 - Level 4.0 Fighting
 + Level 2.3 Maces & Flails
 - Level 1.7 Dodging
 - Level 3.7 Stealth


You couldn't memorise any spells.
You didn't know any spells.
Your spell library was empty.

Dungeon Overview and Level Annotations

Branches:
Dungeon (5/15)
 Temple: D:4-7

Altars:

Annotations:
D:4 exclusion: iguana, Pikel


Innate Abilities, Weirdness & Mutations

You are too large for most types of armour.
You have tough skin. (AC +1)


Message History

An iguana comes into view.
Unknown command.
Pikel and 3 lemures come into view.
Pikel is wielding a +0 whip of electrocution, wearing a +2 robe of willpower and carrying a wand of iceblast (9).
Pikel shouts!
The lemure shouts! x3; You hear a shout!
Pikel attacks as you move away!
Pikel hits you with a +0 whip of electrocution!
Pikel says, "Hell isn't that bad."
There is a stone staircase leading down here.
You climb downwards.
Found 6 stones.
There is a stone staircase leading up here.
Unknown command.
The ufetubus shouts!
The ufetubus attacks as you move away! The ufetubus hits you.
The ufetubus barely misses you. The ufetubus attacks as you move away!
The ufetubus completely misses you. The ufetubus hits you.
The ufetubus barely misses you. x2
The ufetubus attacks as you move away! The ufetubus closely misses you.
The ufetubus hits you. x2
The ufetubus hits you but does no damage.
The ufetubus hits you but does no damage.
The ufetubus hits you.
* * * LOW HITPOINT WARNING * * *
Okay, then.
As you read the scroll of fear, it crumbles to dust.
You assume a fearsome visage.
The ufetubus looks frightened!
Found 9 gold pieces.
You open the door.
Found 9 gold pieces.
There is an open door here.
A white imp comes into view.
The white imp shouts!
The white imp shouts, "Slither away, thou pribbling tickle-brained buzzard-bait!"
You close the door.
Okay, then.
You feel yourself speed up. The white imp gestures at you.
The puff of frost hits you!
You die...

#.##.# .# #5##.#
.#
#######.##.##.##
#.......#......#
####.####......#
#......+.....$#
#.#.####......#
#.#.# #...5..# #
#.# #..@...# .$#
#......# ###
#..........
#..........
######.....
..... .... ....


You could see a white imp.

Vanquished Creatures
  A worm (D:4)
  A dart slug (D:4)
2 creatures vanquished.

Notes
Turn   | Place    | Note
-------+----------+-------------------------------------------
     0 | D:5      | sanka the Ogre Delver began the quest for the Orb.
     0 | D:5      | Reached XP level 1. HP: 24/24 MP: 1/1
     9 | D:5      | Noticed a black bear
   161 | D:4      | Noticed an iguana
   194 | D:4      | Noticed Pikel
   194 | D:4      | Noticed a lemure
   194 | D:4      | Noticed a lemure
   194 | D:4      | Noticed a lemure
   212 | D:5      | Noticed a phantom
   234 | D:5      | Killed from afar by a white imp

Illustrated notes

Levels and vault maps discovered:
D:4:      layout_basic, gammafunk_ghost_abyssal_escape, uniq_sigmund,
          uniq_duvessa, uniq_pikel
D:5:      layout_basic, minmay_starry_boxes

Skill      XL: |  1 |
---------------+----+-----
Maces & Flails | 2 |  2.3
Fighting       | |  4.0
Dodging        | |  1.7
Stealth        | |  3.7

Action                     || total
---------------------------++-------
  Melee: Mace              ||     7
    Use: Scroll            ||     1
         Potion            ||     1
   Stab: Sleeping          ||     1
 Armour: Robe              ||     4
  Dodge: Dodged            ||     6
